AoeStats
← BladeY

Glade

510283996Analyzed
1v1 RM · 17h ago on Sep 30, 2026· 31m 38s· 2 players
Game mode
Random Map
Map size
Tiny (2 player)
Population
200
Speed
Normal
Resources
Standard
Victory
Conquest
Starting age
Dark Age
Ending age
Imperial Age
RankedLock teamsTeams togetherTeam positionsShared explorationLock speedFull tech treeHidden civsTurbo modeCheats
Victory
Defeat
🇮🇳 Dravidians · India
1367
+17
🇸🇰 Persians · Slovakia
1395
-17
BladeY
7:38 Loom
17:11 Feudal Age
17:38 Arson
17:13 Man-at-Arms
17:40 Double-Bit Axe
20:20 Wheelbarrow
19:27 Horse Collar
25:59 Castle Age
25:01 Scale Mail Armor
26:20 Long Swordsman
27:32 Forging
27:42 Chain Mail Armor
27:53 Fletching
29:20 Bodkin Arrow
30:14 Bow Saw
30:31 Squires
30:26 Town Watch
31:39 Hand Cart
D00ter
7:37 Loom
14:54 Feudal Age
15:40 Double-Bit Axe
16:02 Horse Collar
21:31 Castle Age
26:14 Heavy Plow
26:41 Fletching
Connection lost

Rejoining the realm…

Still unreachable

The connection could not be restored.

Session expired

The server has moved on; the page needs a fresh start.